 Dungeon Crawl Stone Soup version 0.26-b1-32-g5d43845318 (webtiles) character file.

Game seed: 15911312136989271883

122 Arthanis the Firebug (level 4, -10/24 HPs)
             Began as a Deep Elf Fire Elementalist on Jan 11, 2021.
             Mangled by a worm (11 damage)
             ... on level 4 of the Dungeon.
             The game lasted 00:03:18 (3734 turns).

Arthanis the Firebug (Deep Elf Fire Elementalist)   Turns: 3734, Time: 00:03:19

Health: -10/24     AC:  2    Str:  5    XL:     4   Next: 78%
Magic:  0/12       EV: 13    Int: 21    God:
Gold:   124        SH:  0    Dex: 15    Spells: 3/11 levels left

rFire    . . .     SeeInvis .   k - +2 dagger (speed)
rCold    . . .     Faith    .   (no shield)
rNeg     . . .     Spirit   +   a - +0 robe
rPois    .         Reflect  .   (no helmet)
rElec    .         Harm     .   (no cloak)
rCorr    .         Rampage  .   (no gloves)
Will     .....                  (no boots)
Stlth    ++........             b - amulet of guardian spirit (curse)
HPRegen  0.08/turn              (no ring)
MPRegen  0.13/turn              (no ring)

@: no status effects
A: no striking features
a: no special abilities


You were on level 4 of the Dungeon.
You visited 1 branch of the dungeon, and saw 4 of its levels.

You collected 124 gold pieces.

Inventory:

Hand Weapons
 d - a +0 dagger
 k - a +2 dagger of speed (weapon)
Armour
 a - a +0 robe (worn)
 h - a +0 buckler
Jewellery
 b - a cursed amulet of guardian spirit (around neck)
 j - an uncursed ring of ice
Scrolls
 e - 3 scrolls of fear {unknown}
 g - 2 scrolls of remove curse {unknown}
 i - 5 scrolls of identify {unknown}
 l - a scroll of fog {unknown}
 o - a scroll of teleportation {unknown}
Potions
 c - a potion of attraction {unknown}
 f - 2 potions of heal wounds {unknown}
 m - a potion of lignification {unknown}
 n - 2 potions of degeneration {unknown}
 p - a potion of curing {unknown}


   Skills:
 - Level 2.4 Dodging
 - Level 2.4 Stealth
 + Level 4.2 Spellcasting
 + Level 2.6 Conjurations
 * Level 5.0 Fire Magic


You had 3 spell levels left.
You knew the following spells:

 Your Spells              Type           Power        Failure   Level
a - Foxfire               Conj/Fire      80%          2%          1
b - Conjure Flame         Conj/Fire      20%          8%          3
c - Sticky Flame          Conj/Fire      20%          24%         4

Your spell library contained the following spells:

 Spells                   Type           Power        Failure   Level
 Inner Flame              Hex/Fire       14%          13%         3
 Fireball                 Conj/Fire      10%          56%         5


Dungeon Overview and Level Annotations

Branches:
Dungeon (4/15)
 Temple: D:4-7

Altars:
Trog


Message History

You conjure some foxfire!
The foxfire hits the worm.
The worm is severely wounded.
The leopard gecko closely misses you. The hound skeleton bites you.
The worm bites you!
* * * LOW HITPOINT WARNING * * *
The hound skeleton barely misses you.
The leopard gecko bites you but does no damage.
Casting: Foxfire (safe; 2% risk of failure)
Confirm with . or Enter, or press ? or * to list all spells.
You conjure some foxfire!
The foxfire hits the hound skeleton.
The hound skeleton is almost destroyed.
The hound skeleton closely misses you. The leopard gecko misses you.
The foxfire hits the worm.
The worm is almost dead.
The water moccasin skeleton misses you. The hound skeleton bites you.
* * * LOW HITPOINT WARNING * * *
The leopard gecko bites you.
* * * LOW HITPOINT WARNING * * *
The worm bites you!
You die...

#.
#...##########
#....w@Z..?...
.......lZ......
##.......[.....
#...#..........
### #..........
#..........
##.........
##+######.


You could see a worm, a leopard gecko, a water moccasin skeleton and a hound
skeleton.

Vanquished Creatures
  5 adders
  An ooze (D:2)
  A worm (D:3)
  2 dart slugs
  5 leopard geckos
  An orc (D:3)
  A ball python (D:2)
  6 bats
  3 giant cockroaches
  4 goblins
  6 hobgoblins
  3 jackals (D:2)
  5 kobolds
  3 quokkas
  4 frilled lizards
  6 rats
56 creatures vanquished.

Vanquished Creatures (collateral kills)
  A foxfire (D:1)
1 creature vanquished.

Vanquished Creatures (others)
  244 foxfires
  A plant (D:1)
245 creatures vanquished.

Grand Total: 302 creatures vanquished

Notes
Turn   | Place    | Note
-------+----------+-------------------------------------------
     0 | D:1      | Arthanis the Deep Elf Fire Elementalist began the quest for
                  | the Orb.
     0 | D:1      | Reached XP level 1. HP: 10/10 MP: 6/6
   293 | D:1      | Reached XP level 2. HP: 14/15 MP: 2/8
  1074 | D:2      | Found a faded altar of an unknown god.
  1153 | D:2      | Reached skill level 4 in Fire Magic
  1328 | D:2      | Reached XP level 3. HP: 19/19 MP: 5/10
  1332 | D:2      | Learned a level 3 spell: Conjure Flame
  2495 | D:3      | Reached XP level 4. HP: 24/24 MP: 1/11
  2618 | D:3      | Learned a level 4 spell: Sticky Flame
  2778 | D:3      | Found a bloodstained altar of Trog.
  3727 | D:4      | Reached skill level 5 in Fire Magic
  3734 | D:4      | HP: 1/24 [leopard gecko (4)]
  3734 | D:4      | Mangled by a worm

Illustrated notes

Levels and vault maps discovered:
D:1:      nicolae_arrival_washed_ashore, layout_basic, kennysheep_boxes
D:2:      layout_loops_corners, chequers_ecumenical_altar_simple
D:3:      layout_loops_cross, grunt_ministairs_6, minmay_misc_feat_four_crosses,
          trog_three_pillars_becter
D:4:      layout_basic, enter_ossuary_5, kennysheep_generic_room_13

Skill      XL: |  1  2  3  4 |
---------------+-------------+-----
Fire Magic     | 4 5 |  5.0
Conjurations   | 2 |  2.6
Spellcasting   | 4 |  4.2
Dodging        | |  2.4
Stealth        | |  2.4

Action                   |  1- 3 |  4- 6 || total
-------------------------+-------+-------++-------
Melee: Dagger            |     1 |     2 ||     3
 Cast: Foxfire           |   100 |    64 ||   164
 Stab: Sleeping          |       |     1 ||     1
Armor: Robe              |     4 |     5 ||     9
Dodge: Dodged            |    13 |    12 ||    25
